 Dungeon Crawl Stone Soup version 0.14-a0-1330-g3eed206 (webtiles) character file.

213 PolkaDot the Cutter (level 4, -11/35 HPs)
             Began as a Vampire Death Knight on Dec 6, 2013.
             Was a Believer of Yredelemnul.
             Killed from afar by Ijyb (15 damage)
             ... with a wand of draining
             ... on Level 3 of the Dungeon.
             The game lasted 00:05:24 (1598 turns).

PolkaDot the Cutter (Vampire Death Knight)          Turns: 1598, Time: 00:05:25

HP -11/35        AC  4     Str 12      XL: 4   Next: 63%
MP   5/5         EV 10     Int 17 (18) God: Yredelemnul [**....]
Gold 101         SH  0     Dex 13 (14) Spells:  0 memorised,  3 levels left

rFire  + + .     SeeInvis +     a - +1 short sword
rCold  . . .     Clarity  .     b - +0 leather armour
rNeg   . . .     Conserve .     (no shield)
rPois  +         rCorr    .     (no helmet)
rElec  +         rRot     .     (no cloak)
SustAb . .       Spirit   .     (no gloves)
rMut   .         Warding  .     (no boots)
Saprov . . .     Stasis   .     (no amulet)
                                (no ring)
                                f - ring of fire

@: regenerating quickly, brilliant, heavily drained, slightly resistant to
hostile enchantments, very unstealthy
A: fangs 3, molten scales 1, see invisible, unbreathing
a: Animate Remains, Recall Undead Slaves, Injury Mirror, Renounce Religion


You were on level 3 of the Dungeon.
You worshipped Yredelemnul.
Yredelemnul was pleased with you.
You were full.

You visited 1 branch of the dungeon, and saw 3 of its levels.

You collected 101 gold pieces.

Inventory:

Hand weapons
 a - a +1,+1 short sword (weapon)
Armour
 b - a +0 leather armour (worn)
Scrolls
 d - a scroll of fear {unknown}
 g - a scroll of amnesia {unknown}
 h - 6 scrolls of teleportation {unknown}
 i - 6 scrolls of enchant weapon II {unknown}
 j - a scroll of remove curse {unknown}
 l - 2 scrolls of magic mapping {unknown}
 p - a scroll of immolation {unknown}
Jewellery
 f - a ring of fire (left hand)
Potions
 e - a potion of brilliance
 m - a potion of resistance


   Skills:
 - Level 3.0(0.5) Fighting
 + Level 3.4(0.9) Short Blades
 - Level 0.7(0.0) Armour
 * Level 2.9(0.4) Dodging
 - Level 2.4(0.0) Invocations


You had 3 spell levels left.
You didn't know any spells.

Dungeon Overview and Level Annotations

Branches:
Dungeon (3/16)

Altars:
Ashenzari

Annotations:
D:3 Ijyb


Innate Abilities, Weirdness & Mutations

Your natural rate of healing is unusually fast.
You have razor-sharp teeth.*
You have supernaturally acute eyesight.
You can survive without breathing.*
You are partially covered in molten scales (AC +1).*


Message History

You hit Ijyb.
Ijyb is heavily wounded.
You hit Ijyb.
Ijyb is severely wounded.
Ijyb zaps a wand.
The bolt of negative energy hits you!
You feel drained.
Ouch! That really hurt!
* * * LOW HITPOINT WARNING * * *
You closely miss Ijyb.
Ijyb is severely wounded.
Ijyb closely misses you.
You miss Ijyb.
Ijyb is severely wounded.
Ijyb hits you but does no damage.
Drink which item? (? for menu, Esc to quit)
Okay, then.
You barely miss Ijyb.
Ijyb is severely wounded.
Ijyb zaps a wand.
The bolt of negative energy hits you!
You feel drained.
You die...
Yredelemnul claims you as an undead slave.

...........>.
#....#
#.###g##.#
#.[......#
#####.#### #)#
#.#
#############.#
#@g...........#
###############


You could see Ijyb.

Vanquished Creatures
  5 adders (D:2)
  An inept item mimic (D:2)
  A giant gecko (D:1)
  An ooze (D:1)
  A giant cockroach (D:2)
  5 goblins
  6 hobgoblins
  13 jackals
  5 kobolds
  2 ball pythons (D:2)
  4 bats
  2 giant newts (D:1)
  6 rats
52 creatures vanquished.

Vanquished Creatures (collateral kills)
  A worm (D:2)
  A jackal (D:2)
2 creatures vanquished.

Vanquished Creatures (others)
  A hobgoblin (D:3)
1 creature vanquished.

Grand Total: 55 creatures vanquished

Notes
Turn   | Place    | Note
--------------------------------------------------------------
     0 | D:1      | PolkaDot, the Vampire Death Knight, began the quest for the Orb.
     0 | D:1      | Reached XP level 1. HP: 16/16 MP: 1/1
   158 | D:1      | Reached XP level 2. HP: 21/23 MP: 2/2
   316 | D:1      | Found a shattered altar of Ashenzari.
   487 | D:1      | Acquired Yredelemnul's second power
   714 | D:1      | Reached XP level 3. HP: 21/28 MP: 4/4
   810 | D:2      | Reached skill level 3 in Fighting
  1034 | D:2      | Reached XP level 4. HP: 30/35 MP: 5/5
  1556 | D:3      | Noticed Ijyb
  1579 | D:2      | Gained mutation: You are partially covered in molten scales (AC +1). [potion of mutation]
  1598 | D:3      | Killed from afar by Ijyb

Action                   |  1- 3 |  4- 6 || total
-------------------------+-------+-------++-------
Melee: Short sword       |   166 |    56 ||   222
Invok: Animate Remains   |     2 |     3 ||     5
  Use: Potion            |     1 |     6 ||     7
 Stab: Distracted        |     1 |       ||     1
